 Dungeon Crawl Stone Soup version 0.28.0-45-g0d030f2227 (webtiles) character file.

Game seed: 1952851388196567738

186 protoss039 the Magician (level 5, -1/28 HPs)
             Began as a Deep Elf Earth Elementalist on Apr 6, 2022.
             Slain by an orc wizard
             ... wielding a +0 dagger
              (3 damage)
             ... on level 3 of the Dungeon.
             The game lasted 00:04:59 (4680 turns).

protoss039 the Magician (DEEE)                      Turns: 4680, Time: 00:04:59

Health: -1/28      AC:  2    Str:  5    XL:     5   Next: 38%
Magic:  9/13       EV: 13    Int: 22    God:
Gold:   145        SH:  0    Dex: 15    Spells: 3/13 levels left

rFire   . . .      SeeInvis .   m - +1 dagger (flame)
rCold   . . .      Faith    .   (no shield)
rNeg    . . .      Spirit   .   b - +0 robe
rPois   .          Reflect  .   (helmet restricted)
rElec   .          Harm     .   (no cloak)
rCorr   .          Rampage  .   (no gloves)
Will    .....                   (no boots)
Stlth   +.........              (no amulet)
HPRegen 0.09/turn               (no ring)
MPRegen 0.13/turn               (no ring)

@: confused
A: horns 1, mutation resistance 1
a: no special abilities


You were on level 3 of the Dungeon.
You visited 1 branch of the dungeon, and saw 3 of its levels.

You collected 145 gold pieces.

Inventory:

Hand Weapons
 m - a +1 dagger of flaming (weapon)
Missiles
 c - 116 stones
Armour
 b - a +0 robe (worn)
Jewellery
 h - a ring of ice
 l - a ring of flight
Scrolls
 d - 3 scrolls of identify {unknown}
 e - a scroll of vulnerability {unknown}
 g - a scroll of enchant armour {unknown}
 i - a scroll of blinking {unknown}
 k - a scroll of magic mapping {unknown}
Potions
 f - a potion of lignification {unknown}
 j - a potion of curing {unknown}


   Skills:
 - Level 3.0 Dodging
 - Level 3.0 Stealth
 + Level 4.5 Spellcasting
 + Level 2.0 Conjurations
 + Level 2.9 Transmutations
 + Level 4.3 Earth Magic


You had 3 spell levels left.
You knew the following spells:

 Your Spells              Type           Power      Damage    Failure   Level
a - Sandblast             Erth           46%        2d11      1%          1
b - Passwall              Tmut/Erth      16%        N/A       3%          2
c - Stone Arrow           Conj/Erth      36%        3d9       9%          3
d - Petrify               Tmut/Erth      20%        N/A       24%         4

Your spell library contained the following spells:

 Spells                   Type           Power      Damage    Failure   Level


Dungeon Overview and Level Annotations

Branches:
Dungeon (3/15)

Altars:


Innate Abilities, Weirdness & Mutations

You have a pair of small horns on your head.
You are somewhat resistant to further mutation.


Message History

The orc wizard flickers and vanishes!
Deactivating autopickup; reactivate with Ctrl-A.
Casting: Sandblast (safe; 1% risk of failure)
Confirm with . or Enter, or press ? or * to list all spells.
Aiming: Sandblast (safe; 1% risk of failure)
Press: ? - help, Shift-Dir - straight line, f - you That would be overly suicidal.
Okay, then.
Unknown command.
Casting: Sandblast (safe; 1% risk of failure)
Confirm with . or Enter, or press ? or * to list all spells.
Aiming: Sandblast (safe; 1% risk of failure)
Press: ? - help, Shift-Dir - straight line The blast of sand hits something.
You hear some strange, mumbled words.
You are confused.
Unknown command.
You're too confused to cast spells.
You bump into the rock wall.
You hear some strange, mumbled words.
You are more confused.
You hear some strange, mumbled words.
You are more confused.
You hit something. You burn something. Something hits you but does no damage.
Something hits you but does no damage. Something hits you. Something hits you.
You completely miss something. Something hits you.
You hit something. You burn something. Something hits you.
You bump into the rock wall.
You hear some strange, mumbled words.
A magic dart appears from out of thin air!
The magic dart hits you.
* * * LOW HITPOINT WARNING * * *
You barely miss something. Something hits you.
* * * LOW HITPOINT WARNING * * *
It was a potion of mutation.
You feel extremely strange.
You feel genetically stable. A pair of horns grows on your head!
Something hits you.
You die...

##...## #.#
##'# #.# #. #.#
#.###### #.#
.....## #.#
....# #.# ..
#..# #.#
....###..####[#
#...)$@{.....#
##.)##..######
.... #..# .##
....# ......#
########


There were no monsters in sight!

Vanquished Creatures
  A phantom (D:2)
  An adder (D:2)
  A worm (D:2)
  2 dart slugs
  3 orcs (D:3)
  8 endoplasms
  A giant cockroach (D:1)
  10 goblins
  9 hobgoblins
  11 jackals
  5 quokkas
  6 ball pythons
  6 bats
  6 frilled lizards
  6 kobolds
  7 rats
83 creatures vanquished.

Notes
Turn   | Place    | Note
-------+----------+-------------------------------------------
     0 | D:1      | protoss039 the Deep Elf Earth Elementalist began the quest
                  | for the Orb.
     0 | D:1      | Reached XP level 1. HP: 10/10 MP: 6/6
   231 | D:1      | Reached XP level 2. HP: 7/15 MP: 4/8
   454 | D:1      | Found a faded altar of an unknown god.
   919 | D:1      | Reached XP level 3. HP: 18/19 MP: 6/9
  1281 | D:1      | Learned a level 2 spell: Passwall
  1285 | D:1      | Learned a level 3 spell: Stone Arrow
  2226 | D:2      | Reached XP level 4. HP: 22/24 MP: 9/11
  2533 | D:2      | Reached skill level 1 in Conjurations
  2752 | D:2      | Noticed a phantom
  2799 | D:2      | Killed a phantom
  2800 | D:2      | Reached XP level 5. HP: 7/28 MP: 6/13
  3808 | D:2      | Learned a level 4 spell: Petrify
  4680 | D:3      | Gained mutation: You are somewhat resistant to further
                  | mutation. [potion of mutation]
  4680 | D:3      | Gained mutation: You have a pair of small horns on your
                  | head. [potion of mutation]
  4680 | D:3      | Slain by an orc wizard

Illustrated notes

Levels and vault maps discovered:
D:1:      lemuel_arrival_behind_the_door_small, layout_rooms,
          hellmonk_ecumenical_altar_blasted
D:2:      layout_loops_ring, grunt_decor_clamped, supply_closet_lemuel,
          minmay_heptomino_h4
D:3:      cheibrodos_helix_gallery, layout_loops_corners, serial_shops, shop

Skill      XL: |  1  2  3  4  5 |
---------------+----------------+-----
Stealth        | 3 |  3.0
Dodging        | 3 |  3.0
Transmutations | 2 |  2.9
Conjurations   | 1 2 |  2.0
Spellcasting   | 4 |  4.5
Earth Magic    | 4 |  4.3

Action                   |  1- 3 |  4- 6 || total
-------------------------+-------+-------++-------
Melee: Dagger            |   138 |    92 ||   230
       Punch             |     3 |     2 ||     5
       Rapier            |       |    28 ||    28
 Cast: Sandblast         |    38 |    28 ||    66
       Stone Arrow       |     1 |     1 ||     2
  Use: Potion            |       |     1 ||     1
 Stab: Sleeping          |     9 |     2 ||    11
       Distracted        |     1 |       ||     1
Armor: Robe              |    46 |    16 ||    62
Dodge: Dodged            |   127 |    71 ||   198
